 Dungeon Crawl Stone Soup version 0.30-a0-840-ga523dec638 (webtiles) character file.

Game seed: 16455572182041978699

42502 jasper the Thaumaturge (level 13, -2/99 HPs)
             Began as a Demonspawn Venom Mage on Mar 1, 2023.
             Was a High Priest of Vehumet.
             Slain by a death yak (24 damage)
             ... on level 4 of the Lair of Beasts.
             The game lasted 00:36:01 (23048 turns).

jasper the Thaumaturge (Demonspawn Venom Mage)     Turns: 23048, Time: 00:36:02

Health: -2/99      AC: 12    Str:  8    XL:     13   Next: 85%
Magic:  30/30      EV: 15    Int: 21    God:    Vehumet [*****.]
Gold:   1162       SH:  0    Dex: 15    Spells: 12/38 levels left

rFire   . . .      SeeInvis .    n - +1 rapier
rCold   . . .      Faith    +    (no shield)
rNeg    . . .      Spirit   .    a - +1 robe
rPois   +          Reflect  .    P - +0 helmet of Gluttony {rCorr}
rElec   .          Harm     .    (no cloak)
rCorr   +          Rampage  .    L - +3 pair of gauntlets of War {Slay+5}
Will    +....                    j - +0 pair of boots of Patterns {rPois}
Stlth   ++                       J - amulet of faith
HPRegen 0.36/turn                F - ring of resist corrosion
MPRegen 0.22/turn                K - ring of willpower

@: no status effects
A: claws 1, icy blue scales 2, demonic guardian 3, powered by pain 2
a: Renounce Religion


You were on level 4 of the Lair of Beasts.
You worshipped Vehumet.
Vehumet was extremely pleased with you.
You visited 2 branches of the dungeon, and saw 18 of its levels.

You collected 1162 gold pieces.

Inventory:

Hand Weapons
 b - the +8 halberd of the Carved God {heavy, Will- Int+5 Dex-4}
   (You took it off a tengu conjurer on level 12 of the Dungeon)

   Int:       It affects your intelligence (+5).
   Dex:       It affects your dexterity (-4).
   Will:      It decreases your willpower.
 f - a +0 short sword
 n - a +1 rapier (weapon)
Missiles
 g - 206 stones
 i - 30 poisoned darts
 I - 7 curare-tipped darts
Armour
 a - a +1 robe (worn)
 c - a +2 hat
 d - a +0 tower shield
 j - the +0 pair of boots of Patterns (worn) {rPois}
   (You acquired it on level 5 of the Dungeon)

   rPois:     It protects you from poison.
 r - a +0 cloak
 w - +0 acid dragon scales
 x - a +0 pair of boots
 D - a +0 buckler
 G - a +0 pair of gloves
 L - the +3 pair of gauntlets of War (worn) {Slay+5}
   (You acquired it on level 8 of the Dungeon)

   Slay:      It affects your accuracy & damage with ranged weapons and melee
   (+5).
 P - the +0 helmet of Gluttony (worn) {rCorr}
   (You found it on level 10 of the Dungeon)

   rCorr:     It protects you from acid and corrosion.
Jewellery
 s - a +6 ring of dexterity
 F - a ring of resist corrosion (left hand)
 J - an amulet of faith (around neck)
 K - a ring of willpower (right hand)
 N - a ring of magical power
 V - an amulet of regeneration
Wands
 o - a wand of flame (28)
 t - a wand of iceblast (16)
 A - a wand of charming (6)
 M - a wand of polymorph (4)
 R - a wand of mindburst (7)
Scrolls
 m - 3 scrolls of enchant weapon
 p - 5 scrolls of enchant armour
 y - 3 scrolls of poison
 z - a scroll of blinking
 Q - a scroll of torment
 S - a scroll of immolation
 W - a scroll of fear
 X - a scroll of teleportation
 Y - a scroll of vulnerability
Potions
 e - 2 potions of resistance
 h - 10 potions of flight
 k - 3 potions of brilliance
 l - 2 potions of invisibility
 q - 9 potions of curing
 u - 3 potions of lignification
 v - 2 potions of might
 B - 6 potions of attraction
 C - a potion of cancellation
 E - 2 potions of mutation
 H - 3 potions of berserk rage {unknown}
 O - 3 potions of haste {unknown}
 U - 2 potions of magic
Miscellaneous
 T - a condenser vane


   Skills:
 - Level 8.3 Fighting
 - Level 6.4 Dodging
 - Level 1.7 Stealth
 * Level 13.3 Spellcasting
 + Level 11.4 Conjurations
 - Level 4.0 Hexes
 - Level 4.0 Transmutations
 + Level 7.6 Air Magic
 - Level 7.3 Poison Magic


You had 12 spell levels left.
You knew the following spells:

 Your Spells              Type           Power      Damage    Failure   Level
a - Sting                 Tmut/Pois      100%       1d8       1%          1
b - Mephitic Cloud        Conj/Pois/Air  50%        N/A       1%          3
c - Olgreb's Toxic Radia  Pois           44%        N/A       1%          4
d - Lightning Bolt        Conj/Air       26%        1d42      1%          5
e - Searing Ray           Conj           100%       2d8       1%          2
f - Iskenderun's Mystic   Conj/Tloc      38%        2d9       1%          4
g - Blink                 Tloc           28%        N/A       7%          2
h - Yara's Violent Unrav  Hex/Tmut       15%        3d8       7%          5

Your spell library contained the following spells:

 Spells                   Type           Power      Damage    Failure   Level
 Starburst                Conj/Fire      19%        6d7       17%         6
 Beastly Appendage        Tmut           60%        N/A       1%          1
 Freeze                   Ice            56%        1d7       1%          1
 Magic Dart               Conj           100%       1d8       1%          1
 Poisonous Vapours        Pois/Air       90%        N/A       1%          2
 Wereblood                Tmut           30%        N/A       1%          2
 Dazzling Flash           Conj/Hex       92%        N/A       1%          3
 Hailstorm                Conj/Ice       38%        3d9       1%          3
 Inner Flame              Hex/Fire       22%        N/A       1%          3
 Spider Form              Tmut/Pois      37%        N/A       1%          3
 Flame Wave               Conj/Fire      38%        2d10      1%          4
 Fulminant Prism          Conj/Hex       23%        3d12      1%          4
 Sticky Flame             Conj/Fire      38%        2d6       1%          4
 Tukima's Dance           Hex            30%        N/A       2%          3
 Freezing Cloud           Conj/Ice/Air   20%        6-21      2%          5
 Frozen Ramparts          Ice            28%        1d5       4%          3
 Portal Projectile        Hex/Tloc       44%        N/A       6%          3
 Call Imp                 Summ           14%        N/A       7%          2
 Cause Fear               Hex            15%        N/A       9%          4
 Silence                  Hex/Air        19%        N/A       12%         5
 Call Canine Familiar     Summ           14%        N/A       14%         3
 Ice Form                 Ice/Tmut       22%        N/A       21%         4
 Leda's Liquefaction      Hex/Erth       11%        N/A       21%         4
 Manifold Assault         Tloc           14%        N/A       41%         4
 Passage of Golubria      Tloc           14%        N/A       41%         4
 Summon Ice Beast         Ice/Summ       14%        N/A       41%         4
 Spellforged Servitor     Conj/Summ      19%        N/A       65%         7
 Agony                    Necr           14%        N/A       77%         5
 Storm Form               Tmut/Air       19%        N/A       98%         7
 Lehudib's Crystal Spear  Conj/Erth      19%        10d6      99%         8
 Discord                  Hex            15%        N/A       100%        8


Dungeon Overview and Level Annotations

Branches:
Dungeon (13/15)            Temple (0/1) D:6            Lair (5/5) D:11
 Shoals (0/4) Lair:3        Snake (0/4) Lair:2        Slime (0/5) Lair:4
    Orc (0/2) D:11
 Vaults: D:13-14

Altars:
Gozag
Kikubaaqudgha
Qazlal
Ru
Uskayaw
Vehumet
Wu Jian
Xom
Yredelemnul

Shops:
D:4 ?

Annotations:
D:8 exclusions: ice statue and orange crystal statue
D:12 3 runed translucent doors
D:13 Jorgrun


Innate Abilities, Weirdness & Mutations

You have sharp fingernails.
You are mostly covered in icy blue scales. (AC +3)
A powerful demonic guardian rushes to your aid.
You sometimes gain power by taking damage.


Message History

There is a stone staircase leading down here.
You take 10 damage, and have 89/99 hp.
The death yak attacks as you move away! The death yak closely misses you.
The death yak attacks as you move away! The death yak gores you! x2
You take 15 damage, and have 74/99 hp.
The death yak gores you!
You take 7 damage, and have 68/99 hp.
The death yak attacks as you move away! The death yak barely misses you.
The death yak attacks as you move away!
The death yak gores you but does no damage.
The death yak attacks as you move away! The death yak closely misses you.
The death yak attacks as you move away! The death yak gores you!!
You focus on the pain.
You feel your power returning.
The death yak looks more healthy.
You take 21 damage, and have 49/99 hp.
MASSIVE DAMAGE!!
You regained 14 mp, and now have 17/30 mp.
The death yak attacks as you move away! The death yak barely misses you.
Casting: Lightning Bolt (mildly dangerous; 1% risk of failure)
Confirm with . or Enter, or press ? or * to list all spells.
You begin to radiate toxic energy.
The death yak looks even sicker. x2
The death yak is poisoned.
The death yak looks even sicker.
The death yak looks as sick as possible!
The death yak looks even sicker.
The death yak gores you.
The death yak looks even sicker.
You take 3 damage, and have 47/99 hp.
You now have 14/30 mp.
The death yak attacks as you move away! The death yak gores you!
You focus on the pain.
You feel your power returning.
The death yak looks as sick as possible! x2
Your toxic aura wanes.
You take 15 damage, and have 32/99 hp.
MP restored: 30 The death yak attacks as you move away!
The death yak gores you but does no damage.
The death yak attacks as you move away! The death yak gores you!
* * * LOW HITPOINT WARNING * * *
You take 12 damage, and have 21/99 hp.
The death yak attacks as you move away! The death yak misses you.
The death yak attacks as you move away! The death yak completely misses you.
The death yak attacks as you move away! The death yak gores you!!
You die...

.#....#........#P....##.P..# #..#
+.....#........#.....##....# #.##
##....#..>.....PP....###...###...
......##.............# ####.##..#
......#.##.###..#....######..#..#
#.....#..##...#......#.P##.....##
...............................##
#...............................P
..............YY@...............#
...............Y................#
................................#
............................)..##
.#......#.#..#..#..............#
##...P#####..####.....#.#.##...##
P#....P##....####...##..#####...#
.......##......##...###.####P..##
.#.....##......#....##....###..##


You could see 3 death yaks.

Vanquished Creatures
  Kirke (D:12)
  A catoblepas (Lair:3)
  A hydra (Lair:4)
  A centaur warrior (D:12)
  3 boulder beetles
  4 death yaks
  An ogre mage (D:12)
  3 two-headed ogres
  Sonja (D:12)
  Nergalle (Lair:1)
  A deep elf pyromancer (D:12)
  4 cyclopes
  2 manticores
  An oklob plant (D:11)
  3 elephants (Lair:1)
  3 black mambas
  An unseen horror zombie (D:8)
  4 cane toads
  An unseen horror (D:12)
  3 rime drakes
  An efreet (D:12)
  9 komodo dragons
  A kobold demonologist (D:11)
  3 trolls
  2 polar bears
  2 hornets
  8 blink frogs
  Prince Ribbit (D:6)
  4 slime creatures
  33 yaks
  3 shadows
  A wraith (D:10)
  4 basilisks
  A hog (D:12)
  4 wyverns
  2 steam dragons
  4 vampire mosquitoes
  4 nagas (Lair:2)
  2 acid dragons
  10 water moccasins
  Duvessa (D:5)
  2 orc warriors
  An ogre (D:6)
  4 centaurs
  10 wolves
  2 kobold brigands
  12 bullfrogs
  4 scorpions
  Blork the orc (D:6)
  A necrophage (D:6)
  11 wights
  Dowan (D:5)
  6 killer bees (D:7)
  An electric eel (Lair:3)
  8 howler monkeys
  6 centaur zombies (D:8)
  A quasit (D:6)
  9 orc priests
  3 hounds
  2 jellies (Lair:4)
  2 iguanas
  12 orc wizards
  A killer bee zombie (D:8)
  A howler monkey zombie (D:8)
  2 adders
  3 gnolls (D:4)
  A shadow imp (D:7)
  2 white imps
  2 ufetubi (D:7)
  2 worms (D:4)
  2 dart slugs
  37 orcs
  4 endoplasms
  4 giant cockroaches
  9 goblins
  8 hobgoblins
  3 jackals (D:1)
  15 kobolds
  3 quokkas
  12 ball pythons
  9 bats
  5 frilled lizards
  5 rats
  2 butterflies
371 creatures vanquished.

Vanquished Creatures (collateral kills)
  A centaur warrior (D:12)
  A two-headed ogre (D:8)
  A manticore (D:12)
  A cane toad (Lair:3)
  A tengu conjurer (D:12)
  A troll (D:12)
  2 blink frogs (Lair:1)
  2 shadows (D:11)
  2 yaks (D:10)
  3 vampire mosquitoes (D:12)
  A hog (D:12)
  A water moccasin (Lair:3)
  An orc warrior (D:12)
  A centaur (D:10)
  2 wights
  An orc priest (D:8)
  An orc (D:8)
23 creatures vanquished.

Vanquished Creatures (others)
  A boggart simulacrum (D:12)
  A demonic plant (D:7)
  16 fungi
  32 plants
50 creatures vanquished.

Grand Total: 444 creatures vanquished

Notes
Turn   | Place    | Note
-------+----------+-------------------------------------------
     0 | D:1      | jasper the Demonspawn Venom Mage began the quest for the
                  | Orb.
     0 | D:1      | Reached XP level 1. HP: 13/13 MP: 3/3
   171 | D:1      | Gained mutation: You are partially covered in icy blue
                  | scales. (AC +2) [demonic ancestry]
   171 | D:1      | Reached XP level 2. HP: 15/19 MP: 0/5
   788 | D:1      | Gained mutation: You are mostly covered in icy blue scales.
                  | (AC +3) [demonic ancestry]
   788 | D:1      | Reached XP level 3. HP: 24/24 MP: 4/7
   792 | D:1      | Learned a level 3 spell: Mephitic Cloud
  2325 | D:3      | Reached skill level 3 in Spellcasting
  2383 | D:3      | Reached XP level 4. HP: 30/30 MP: 6/8
  2503 | D:3      | Reached skill level 1 in Conjurations
  2670 | D:3      | Reached skill level 1 in Air Magic
  2817 | D:3      | Found a radiant altar of Vehumet.
  3076 | D:3      | Became a worshipper of Vehumet
  3401 | D:3      | Reached XP level 5. HP: 35/35 MP: 5/9
  3406 | D:3      | Learned a level 4 spell: Olgreb's Toxic Radiance
  3712 | D:4      | Reached skill level 5 in Poison Magic
  4132 | D:4      | Noticed an acid dragon
  4136 | D:4      | Killed an acid dragon
  4137 | D:4      | Gained mutation: You sometimes gain a little power by
                  | taking damage. [demonic ancestry]
  4137 | D:4      | Reached XP level 6. HP: 41/41 MP: 10/10
  4142 | D:4      | Found Qoaliung's Magic Scroll Emporium.
  4310 | D:4      | Found a stormy altar of Qazlal.
  4837 | D:5      | Entered Level 5 of the Dungeon
  5123 | D:5      | Identified a scroll of acquirement
  5123 | D:5      | Acquired the +0 pair of boots of Patterns {rPois}
  5255 | D:5      | Noticed Dowan
  5257 | D:5      | Noticed Duvessa
  5277 | D:5      | Killed Dowan
  5278 | D:5      | Gained mutation: A weak demonic guardian rushes to your
                  | aid. [demonic ancestry]
  5278 | D:5      | Reached XP level 7. HP: 17/46 MP: 6/11
  5284 | D:5      | Killed Duvessa
  5327 | D:5      | Learned a level 3 spell: Hailstorm
  5754 | D:6      | Noticed Blork the orc
  5782 | D:6      | Killed Blork the orc
  5818 | D:6      | Noticed Prince Ribbit
  5822 | D:6      | Killed Prince Ribbit
  5823 | D:6      | Reached skill level 5 in Conjurations
  5823 | D:6      | Gained mutation: A demonic guardian rushes to your aid.
                  | [demonic ancestry]
  5823 | D:6      | Reached XP level 8. HP: 47/52 MP: 0/12
  6250 | D:6      | Found a staircase to the Ecumenical Temple.
  6669 | D:7      | Reached * piety under Vehumet
  6669 | D:7      | Offered knowledge of Kiss of Death by Vehumet.
  6984 | D:7      | Reached skill level 1 in Fighting
  7231 | D:7      | Gained mutation: You have sharp fingernails. [demonic
                  | ancestry]
  7231 | D:7      | Reached XP level 9. HP: 60/61 MP: 3/14
  7352 | D:7      | Learned a level 2 spell: Searing Ray
  7446 | D:7      | Offered knowledge of Momentum Strike by Vehumet.
  7447 | D:7      | Reached skill level 4 in Spellcasting
  7450 | D:7      | Reached ** piety under Vehumet
  8671 | D:8      | Noticed a two-headed ogre
  8689 | D:8      | Killed a two-headed ogre
  8690 | D:8      | Reached skill level 5 in Spellcasting
  8856 | D:8      | Noticed an ice statue
  8872 | D:8      | Offered knowledge of Static Discharge by Vehumet.
  9008 | D:8      | Reached skill level 6 in Spellcasting
  9115 | D:8      | Gained mutation: A powerful demonic guardian rushes to your
                  | aid. [demonic ancestry]
  9115 | D:8      | Reached XP level 10. HP: 73/73 MP: 14/19
  9272 | D:8      | Reached skill level 5 in Fighting
  9272 | D:8      | Reached skill level 5 in Dodging
  9503 | D:8      | Found a basalt altar of Yredelemnul.
  9570 | D:8      | Noticed an orange crystal statue
  9660 | D:8      | Reached *** piety under Vehumet
  9721 | D:8      | Found an opulent altar of Gozag.
  9919 | D:8      | Acquired the +3 pair of gauntlets of War {Slay+5}
  9919 | D:8      | Found the +3 pair of gauntlets of War {Slay+5}
 10107 | D:9      | Found an ornate altar of the Wu Jian Council.
 10194 | D:9      | Reached skill level 7 in Spellcasting
 10381 | D:9      | Offered knowledge of Iskenderun's Mystic Blast by Vehumet.
 10387 | D:9      | Learned a level 4 spell: Iskenderun's Mystic Blast
 10637 | D:9      | Reached **** piety under Vehumet
 10722 | D:9      | Found a hide-covered altar of Uskayaw.
 10728 | D:9      | Found a sacrificial altar of Ru.
 10733 | D:9      | Found an ancient bone altar of Kikubaaqudgha.
 11014 | D:10     | Entered Level 10 of the Dungeon
 11032 | D:10     | Found a shimmering altar of Xom.
 11415 | D:10     | Noticed a two-headed ogre
 11431 | D:10     | Reached skill level 8 in Spellcasting
 11437 | D:10     | Killed a two-headed ogre
 11582 | D:10     | Offered knowledge of Lightning Bolt by Vehumet.
 11583 | D:10     | Reached XP level 11. HP: 63/83 MP: 23/23
 11599 | D:10     | Learned a level 5 spell: Lightning Bolt
 11826 | D:10     | Identified the +0 helmet of Gluttony {rCorr}
 12404 | D:11     | Reached skill level 9 in Spellcasting
 12606 | D:11     | Noticed a two-headed ogre
 12749 | D:11     | Found a staircase to the Lair.
 12750 | D:11     | Noticed an oklob plant
 12753 | D:11     | Killed an oklob plant
 12930 | D:11     | Killed a two-headed ogre
 13213 | D:11     | Found a staircase to the Orcish Mines.
 13388 | D:11     | Reached ***** piety under Vehumet
 13388 | D:11     | Offered knowledge of Freezing Cloud by Vehumet.
 13926 | D:12     | Noticed a centaur warrior
 13943 | D:12     | Killed a centaur warrior
 13980 | D:12     | Noticed a centaur warrior
 14011 | D:12     | Killed a centaur warrior
 14012 | D:12     | Reached skill level 10 in Spellcasting
 14271 | D:12     | Noticed a boulder beetle
 14300 | D:12     | Killed a boulder beetle
 14355 | D:12     | Noticed Sonja
 14377 | D:12     | Identified the +8 halberd of the Carved God {heavy, Will-
                  | Int+5 Dex-4}
 14471 | D:12     | Gained mutation: You sometimes gain power by taking damage.
                  | [demonic ancestry]
 14471 | D:12     | Reached XP level 12. HP: 35/92 MP: 1/26
 14692 | D:12     | Killed Sonja
 14915 | D:12     | Found a runed translucent door.
 14915 | D:12     | Noticed a two-headed ogre
 14915 | D:12     | Noticed a two-headed ogre
 14915 | D:12     | Noticed a centaur warrior
 14916 | D:12     | Found a runed translucent door.
 14916 | D:12     | Noticed a two-headed ogre
 14917 | D:12     | Found a runed translucent door.
 15154 | D:12     | Got Omip's Opusculum on Accompaniment and the Volley
 15163 | D:12     | Learned a level 2 spell: Blink
 15169 | D:12     | Learned a level 5 spell: Yara's Violent Unravelling
 15197 | D:12     | Reached skill level 1 in Transmutations
 15210 | D:12     | Reached skill level 1 in Hexes
 15497 | D:12     | Noticed an ogre mage
 15502 | D:12     | Killed an ogre mage
 15598 | D:12     | Noticed Kirke
 15619 | D:12     | Killed Kirke
 15692 | D:12     | Noticed a two-headed ogre
 15694 | D:12     | Killed a two-headed ogre
 16045 | D:12     | Reached skill level 5 in Air Magic
 16328 | D:13     | Noticed Jorgrun
 16331 | D:13     | Noticed a centaur warrior
 16493 | Lair:1   | Entered Level 1 of the Lair of Beasts
 16574 | Lair:1   | Reached skill level 11 in Spellcasting
 16843 | Lair:1   | Reached skill level 10 in Conjurations
 17127 | Lair:1   | Noticed Nergalle
 17132 | Lair:1   | Killed Nergalle
 17517 | Lair:1   | Reached XP level 13. HP: 37/99 MP: 25/28
 18671 | Lair:2   | Offered knowledge of Starburst by Vehumet.
 18677 | Lair:2   | Reached skill level 12 in Spellcasting
 19132 | Lair:2   | Found a staircase to the Snake Pit.
 20624 | Lair:3   | HP: 2/99 [cane toad (9)]
 21198 | Lair:3   | Found a staircase to the Shoals.
 21597 | Lair:4   | Identified the +7 sling of Bile {drain, *Slow rN++ Str+6}
 21686 | Lair:4   | Found a staircase to the Slime Pits.
 21825 | Lair:4   | Reached skill level 13 in Spellcasting
 22829 | Lair:5   | Entered Level 5 of the Lair of Beasts
 23048 | Lair:4   | Slain by a death yak

Illustrated notes

Levels and vault maps discovered:
D:1:      lightli_arrival_statuegarden, layout_basic
D:2:      layout_loops_cross, guppyfry_early_orc_mine
D:3:      layout_basic, vehumet_altar_wand_db
D:4:      layout_basic, nicolae_qazlal_scattered_showers, serial_shops,
          nicolae_shop_statue_plus, kennysheep_cluttered_room, st_stairs_13,
          minivault_4
D:5:      layout_loops_cross, serial_shops, shop, uniq_duvessa
D:6:      layout_basic, minmay_temple_entry_butterflies, uniq_blork_the_orc,
          uniq_prince_ribbit1
D:7:      layout_rooms, serial_demonic, serial_demonic_c, serial_demonic_c,
          serial_demonic_e, serial_demonic_g
D:8:      minmay_separated_statues, layout_basic,
          mainiacjoe_overflow_six_doors_small, nicolae_yredelemnul_corpse_copse,
          nicolae_ossuary_entry_ruins, grunt_ministairs_9
D:9:      layout_gridville, nicolae_wu_jian_wuxing_cycle,
          minmay_overflow_temple_star_quad
D:10:     layout_loops_corners, xom_teletrap_fun, mainiacjoe_overflow_catwalk,
          minivault_5
D:11:     layout_rooms, dpeg_oklobed_lair, minmay_between
D:12:     minmay_the_grid_triangle_9x9_rhombus_full_mashed
          [minmay_the_grid_triangle_9x9_from_above,
          minmay_the_grid_triangle_9x9_fully_insulated_deathbox,
          minmay_the_grid_triangle_9x9_swiss_cheese,
          minmay_the_grid_triangle_9x9_sprig,
          minmay_the_grid_triangle_9x9_intruding_spiral,
          minmay_the_grid_triangle_9x9_empty,
          minmay_the_grid_triangle_9x9_skeleton,
          minmay_the_grid_triangle_9x9_prize_schism], layout_basic, uniq_kirke,
          uniq_sonja
D:13:     layout_cave_pools, gauntlet_entry_generic, uniq_erolcha, uniq_jorgrun
Lair:1:   layout_roguey, infiniplex_staircase_pool, uniq_nergalle
Lair:2:   layout_chaotic_city, minmay_snake_entry_guardpost_medium
Lair:3:   layout_gridlike, elwin_shoals_entry_rooms,
          infiniplex_staircase_pool_2, lemuel_fruit_fields, serial_bayou_shore_a
Lair:4:   layout_regular_city, minmay_slime_entry_pillars,
          nicolae_quartered_pool_impasse, grunt_megastairs_5
Lair:5:   hangedman_lair_tendril_chambers, layout_gridlike,
          hangedman_lair_caniforms_friends, minivault_27, minivault_26

Skill      XL: |  1  2  3  4  5  6  7  8  9 10 11 12 13 |
---------------+----------------------------------------+-----
Spellcasting   | 3 6 8 10 11 13 | 13.3
Conjurations   | 1 2 5 8 9 10 11 | 11.4
Air Magic      | 1 2 4 5 7 |  7.6
Poison Magic   | 4 5 6 7 |  7.3
Fighting       | 1 4 6 8 |  8.3
Dodging        | 2 4 6 |  6.4
Transmutations | 4 |  4.0
Hexes          | 4 |  4.0
Stealth        | |  1.7

Action                     |  1- 3 |  4- 6 |  7- 9 | 10-12 | 13-15 || total
---------------------------+-------+-------+-------+-------+-------++-------
  Melee: Unarmed           |    23 |       |       |       |       ||    23
         Short sword       |     9 |       |       |       |       ||     9
         Rapier            |     6 |    17 |    94 |   159 |    81 ||   357
         Punch             |       |       |     1 |     2 |     3 ||     6
   Cast: Sting             |    87 |   100 |    41 |       |     2 ||   230
         Olgreb's Toxic Ra |       |     5 |    32 |    78 |    49 ||   164
         Mephitic Cloud    |       |       |     3 |       |       ||     3
         Hailstorm         |       |       |     4 |       |       ||     4
         Searing Ray       |       |       |    15 |    20 |       ||    35
         Lightning Bolt    |       |       |       |   120 |   106 ||   226
  Evoke: Wand              |       |     4 |     7 |       |     2 ||    13
         Condenser vane    |       |       |       |       |     1 ||     1
    Use: Scroll            |     8 |     5 |     5 |     7 |     3 ||    28
         Potion            |       |     1 |       |     2 |     1 ||     4
 Armour: Robe              |    25 |    22 |   128 |   144 |    42 ||   361
  Dodge: Dodged            |    90 |    42 |   207 |   249 |   139 ||   727

Table legend: (Time is in decaauts)
 A = Elapsed time spent in this place.
 B = Non-inter-level travel time spent in this place.
 C = Inter-level travel time spent in this place.
 D = Time resting spent in this place.
 E = Time spent auto-exploring this place.
 F = Levels seen in this place.
 G = Mean time per level.
                   A        B        C        D        E       F      G
               +--------+--------+--------+--------+--------+-----+--------+
         Total |  23149 |  22380 |    769 |   2779 |  16253 |  18 | 1286.1 |
       Dungeon |  16545 |  16001 |    544 |   1923 |  11532 |  13 | 1272.7 |
          Lair |   6603 |   6378 |    225 |    856 |   4721 |   5 | 1320.6 |
               +--------+--------+--------+--------+--------+-----+--------+

Top non-repeatable levels by time:
    D:12: 2696 daAuts
     D:8: 1820 daAuts
  Lair:1: 1705 daAuts
    D:10: 1679 daAuts
  Lair:4: 1670 daAuts
  Lair:3: 1614 daAuts
  Lair:2: 1585 daAuts
     D:3: 1534 daAuts
     D:6: 1516 daAuts
     D:4: 1251 daAuts
     D:2: 1117 daAuts
    D:11: 1102 daAuts
     D:9: 1070 daAuts
     D:7: 1009 daAuts
     D:1: 935 daAuts
